 Dungeon Crawl Stone Soup version 0.23.2-1-ga50397a (webtiles) character file.

Game seed: 2932934241387566558

100 snowfan the Ducker (level 4, -3/24 HPs)
             Began as a Deep Elf Air Elementalist on Apr 17, 2019.
             Killed from afar by an orc wizard (9 damage)
             ... with a magic dart
             ... on level 3 of the Dungeon.
             The game lasted 00:06:21 (1920 turns).

snowfan the Ducker (Deep Elf Air Elementalist)      Turns: 1920, Time: 00:06:22

Health: -3/24      AC:  2    Str:  5    XL:     4   Next: 46%
Magic:  1/20       EV: 14    Int: 21    God:
Gold:   79         SH:  0    Dex: 15    Spells: 9/10 levels left

rFire    . . .     SeeInvis .   b - +0 dagger
rCold    . . .     Gourm    .   (no shield)
rNeg     . . .     Faith    .   a - +0 robe
rPois    .         Spirit   .   (no helmet)
rElec    .         Reflect  .   (no cloak)
rCorr    .         Harm     .   (no gloves)
MR       .....                  (no boots)
Stlth    ++........             (no amulet)
HPRegen  0.08/turn              k - ring of magical power
MPRegen  0.17/turn              (no ring)

@: very slightly contaminated
A: no striking features
a: no special abilities


You were on level 3 of the Dungeon.
You were not hungry.

You visited 1 branch of the dungeon, and saw 3 of its levels.

You collected 79 gold pieces.

Inventory:

Hand Weapons
 b - a +0 dagger (weapon)
Armour
 a - a +0 robe (worn)
Jewellery
 k - a ring of magical power (left hand)
Scrolls
 d - a scroll of enchant armour {unknown}
 e - 5 scrolls of identify {unknown}
 f - a scroll of enchant weapon {unknown}
 g - a scroll of immolation {unknown}
 j - 3 scrolls of amnesia {unknown}
Potions
 h - a potion of flight {unknown}
 i - 2 potions of curing {unknown}
 l - a potion of degeneration {unknown}
 m - 2 potions of might {unknown}
Comestibles
 c - 4 rations
 n - 2 chunks of flesh


   Skills:
 * Level 4.1 Dodging
 - Level 2.4 Stealth
 + Level 3.9 Spellcasting
 - Level 1.1 Conjurations
 * Level 4.0 Air Magic


You had 9 spell levels left.
You knew the following spells:

 Your Spells              Type           Power        Failure   Level  Hunger
a - Shock                 Conj/Air       ###.         4%          1    None

Your spell library contained the following spells:

 Spells                   Type           Power        Failure   Level  Hunger
 Swiftness                Chrm/Air       ##......     8%          2    #......
 Static Discharge         Conj/Air       ###.....     13%         3    ###....
 Airstrike                Air            ###.......   22%         4    ####...
 Lightning Bolt           Conj/Air       ###.......   75%         5    ######.


Dungeon Overview and Level Annotations

Branches:
Dungeon (3/15)

Altars:
Uskayaw


Message History

The orc wizard is severely wounded.
Casting: Shock (safe; 4% risk of failure)
Confirm with . or Enter, or press ? or * to list all spells.
Aiming: Shock (safe; 4% risk of failure)
Press: ? - help, Shift-Dir - straight line, f/p - orc wizard
Aim: an orc wizard, wielding a +0 dagger and wearing a +0 leather armour (severely wounded)
The zap hits the orc wizard but does no damage.
The orc wizard is severely wounded.
The orc wizard hits you with a +0 dagger.
* * * LOW HITPOINT WARNING * * *
Casting: Shock (safe; 4% risk of failure)
Confirm with . or Enter, or press ? or * to list all spells.
Aiming: Shock (safe; 4% risk of failure)
Press: ? - help, Shift-Dir - straight line, f/p - orc wizard
Aim: an orc wizard, wielding a +0 dagger and wearing a +0 leather armour (severely wounded)
The zap hits the orc wizard.
The orc wizard is almost dead.
The orc wizard gestures at you while chanting.
The magic dart hits you!
You die...

.. ..........
....♣...... ###
...).....###....
##))....###
#..........
##...######. #..#).#
.#.######.###)#
...).?)o@(# #.##
#.#.##...## #(.##
....#..#####..####.#
#...##......<......#
.....#..#.........###
.#.................#
.... ..#...÷.........
#.$#
.......#####.####
....... .#


You could see an orc wizard.

Vanquished Creatures
  An orc priest (D:3)
  2 adders (D:3)
  A leopard gecko (D:1)
  9 orcs (D:3)
  A ball python (D:2)
  4 bats
  2 giant cockroaches
  3 goblins (D:1)
  5 hobgoblins
  A jackal (D:1)
  7 kobolds
  2 frilled lizards (D:1)
  4 rats
42 creatures vanquished.

Notes
Turn   | Place    | Note
-------+----------+-------------------------------------------
     0 | D:1      | snowfan the Deep Elf Air Elementalist began the quest for
                  | the Orb.
     0 | D:1      | Reached XP level 1. HP: 10/10 MP: 6/6
   246 | D:1      | Reached XP level 2. HP: 15/15 MP: 5/8
   846 | D:1      | You fall through a shaft!
   880 | D:2      | Found a hide-covered altar of Uskayaw.
   882 | D:2      | Noticed a +0 dagger
   882 | D:2      | Noticed a +0 hand axe
  1278 | D:2      | Reached XP level 3. HP: 19/19 MP: 6/9
  1747 | D:2      | Found a faded altar of an unknown god.
  1905 | D:3      | Reached XP level 4. HP: 24/24 MP: 11/11
  1920 | D:3      | Killed from afar by an orc wizard

Skill      XL: |  1  2  3  4 |
---------------+-------------+-----
Dodging        | 3 4 |  4.1
Air Magic      | 4 |  4.0
Stealth        | |  2.4
Spellcasting   | |  3.9
Conjurations   | |  1.1

Action                   |  1- 3 |  4- 6 || total
-------------------------+-------+-------++-------
Melee: Dagger            |    19 |       ||    19
 Cast: Shock             |    67 |    14 ||    81
 Stab: Sleeping          |     1 |       ||     1
  Eat: Chunk             |     3 |       ||     3
Armor: Robe              |     7 |       ||     7
Dodge: Dodged            |    38 |       ||    38
